 Dungeon Crawl Stone Soup version 0.28-a0-32-g8dfe7f97f6 (webtiles) character file.

Game seed: 15346768241948870252

1949215 Pooter the Slayer (level 27, 228/228 HPs)
             Began as a Minotaur Monk on July 23, 2021.
             Was a High Priest of Okawaru.
             Escaped with the Orb
             ... and 4 runes on July 28, 2021!
             The game lasted 14:41:46 (122243 turns).

Pooter the Slayer (Minotaur Monk)                 Turns: 122243, Time: 14:41:46

Health: 228/228    AC: 51    Str: 41    XL:     27
Magic:  36/36      EV: 26    Int: 11    God:    Okawaru [*****.]
Gold:   4834       SH: 11    Dex: 21    Spells: 19/45 levels left

rFire   + . .      SeeInvis +   a - +8 mithril axe "Arga" {speed, Will+}
rCold   . . .      Faith    .   y - -1 buckler of Yesterday {+Inv rCorr Str+7}
rNeg    . . .      Spirit   .   T - +14 crystal plate armour
rPois   .          Reflect  +   B - +2 hat {Will+}
rElec   +          Harm     .   Y - scarf {repulsion}
rCorr   +          Rampage  .   A - +3 pair of gauntlets of War {Slay+5}
Will    ++++.                   P - +1 pair of boots {Stlth+}
Stlth   +.........              W - amulet of reflection
HPRegen 0.48/turn               z - ring of Faagoman {rElec EV+4 Int+5 Dex+4 SInv}
MPRegen 0.25/turn               O - ring "Quhonenox" {Str+6 Dex+2 Slay+6}

@: repel missiles
A: horns 2, retaliatory headbutt, dopey 1, fire resistance 1, frail 1, strong 1,
evolution 1, sturdy frame 1
0: Orb of Zot
}: 4/15 runes: decaying, serpentine, slimy, silver
a: Renounce Religion, Evoke Invisibility, Heroism, Finesse


You escaped.
You worshipped Okawaru.
Okawaru was extremely pleased with you.
You visited 18 branches of the dungeon, and saw 64 of its levels.
You visited 1 bazaar.
You also visited: Trove, Ice Cave and Wizlab.

You collected 11767 gold pieces.
You spent 6933 gold pieces at shops.

Inventory:

Hand Weapons
 a - the +8 mithril axe "Arga" (weapon) {speed, Will+}
   (You took it off a deep elf high priest on level 3 of the Elven Halls)

   Attacks with this weapon are significantly faster.
   Will:      It increases your willpower.
 b - a +5 fustibalus of flaming
   (You bought it in a shop on level 10 of the Dungeon)
 h - a +2 trishula of holy wrath
   (You took it off Mennas on level 4 of the Vaults)
 i - a +6 broad axe of freezing
   (You found it on level 8 of the Dungeon)
 G - the +3 hand axe "Rofria" {vorpal, rN+++ Dex-2 Stlth+}
   (You found it on level 5 of the Vaults)

   It inflicts extra damage upon your enemies.
   Dex:       It affects your dexterity (-2).
   rN:        It renders you almost immune to negative energy.
   Stlth:     It makes you more stealthy.
 R - a +4 demon trident of electrocution
   (You took it off Mara on level 3 of the Swamp)
Missiles
 q - 550 sling bullets
 v - 4 silver boomerangs
 K - 17 boomerangs (quivered)
Armour
 c - a scarf of invisibility
   (You found it on level 1 of the Dungeon)
 y - the -1 buckler of Yesterday (worn) {+Inv rCorr Str+7}
   (You found it on level 6 of the Dungeon)

   Str:       It affects your strength (+7).
   +Inv:      It lets you turn invisible.
   rCorr:     It protects you from acid and corrosion.
 A - the +3 pair of gauntlets of War (worn) {Slay+5}
   (You found it on level 5 of the Vaults)

   Slay:      It affects your accuracy & damage with ranged weapons and melee
   (+5).
 B - a +2 hat of willpower (worn)
   (You took it off Gastronok on level 8 of the Dungeon)
 P - a +1 pair of boots of stealth (worn)
   (Okawaru gifted it to you on level 2 of the Vaults)
 S - a +2 cloak of stealth
   (You took it off a draconian monk on level 5 of the Realm of Zot)
 T - a +14 crystal plate armour (worn)
   (You acquired it on level 11 of the Dungeon)
 V - a scarf of resistance
   (You bought it in a shop on level 2 of the Orcish Mines)
 Y - a scarf of repulsion (worn)
   (Okawaru gifted it to you on level 4 of the Lair of Beasts)
Jewellery
 f - the ring of Cuyni {rF++ AC+4 Str+4 Dex+6}
   (You took it off a deep elf zephyrmancer on level 3 of the Elven Halls)

   [ring of protection]

   AC:        It affects your AC (+4).
   Str:       It affects your strength (+4).
   Dex:       It affects your dexterity (+6).
   rF:        It greatly protects you from fire.
 z - the ring of Faagoman (left hand) {rElec EV+4 Int+5 Dex+4 SInv}
   (You found it in a treasure trove)

   [ring of evasion]

   EV:        It affects your evasion (+4).
   Int:       It affects your intelligence (+5).
   Dex:       It affects your dexterity (+4).
   rElec:     It insulates you from electricity.
   SInv:      It lets you see invisible.
 F - the ring "Qatrid" {rPois rF+ Int+4}
   (You found it in a treasure trove)

   [ring of poison resistance]

   Int:       It affects your intelligence (+4).
   rF:        It protects you from fire.
   rPois:     It protects you from poison.
 I - the ring of Makhleb's Wrath {rC+ Will+ Dex+5}
   (You found it on level 2 of the Swamp)

   [ring of protection from cold]

   Dex:       It affects your dexterity (+5).
   rC:        It protects you from cold.
   Will:      It increases your willpower.
 O - the ring "Quhonenox" (right hand) {Str+6 Dex+2 Slay+6}
   (You found it in a treasure trove)

   [ring of strength]

   Str:       It affects your strength (+6).
   Dex:       It affects your dexterity (+2).
   Slay:      It affects your accuracy & damage with ranged weapons and melee
   (+6).
 W - an amulet of reflection (around neck)
   (You found it on level 1 of the Lair of Beasts)
Wands
 d - a wand of iceblast (52)
   (You found it on level 7 of the Dungeon)
 g - a wand of mindburst (27)
   (You found it on level 15 of the Dungeon)
 u - a wand of paralysis (16)
   (You found it on level 12 of the Dungeon)
 x - a wand of acid (23)
   (You bought it in a shop in a bazaar)
 D - a wand of digging (7)
   (You found it on level 3 of the Lair of Beasts)
 X - a wand of charming (13)
   (You found it on level 11 of the Dungeon)
Scrolls
 j - a scroll of holy word
 p - 10 scrolls of summoning
 s - 11 scrolls of immolation {!r}
 t - 20 scrolls of teleportation {@r4}
 E - 4 scrolls of silence
 H - 4 scrolls of fear
 L - 7 scrolls of magic mapping
 N - 10 scrolls of fog
Potions
 e - 6 potions of attraction {!q}
 k - 12 potions of mutation {!q}
 l - 18 potions of curing {@q1}
 m - 8 potions of flight
 r - a potion of invisibility
 w - 10 potions of lignification {!q}
 C - a potion of resistance
 J - 4 potions of might
 U - a potion of cancellation
Miscellaneous
 o - a condenser vane
   (You found it on level 9 of the Dungeon)
 M - the horn of Geryon
   (You took it off Geryon in the Vestibule of Hell)
 Q - a tin of tremorstones (2/2)
   (You found it on level 1 of the Realm of Zot)
 Z - a box of beasts
   (You found it on level 13 of the Dungeon)


   Skills:
 - Level 22.0 Fighting
 - Level 17.7(18.2) Axes
 - Level 8.0(14.0) Polearms
 - Level 20.0(21.0) Slings
 - Level 11.4(16.2) Throwing
 - Level 20.8 Armour
 - Level 20.1 Dodging
 + Level 18.6 Stealth
 - Level 8.8 Shields
 + Level 9.8 Spellcasting
 + Level 11.9 Hexes
 + Level 11.1 Translocations
 * Level 13.7 Ice Magic
 + Level 20.2 Invocations
 - Level 18.1 Evocations


You had 19 spell levels left.
You knew the following spells:

 Your Spells              Type           Power      Damage    Failure   Level
a - Portal Projectile     Hex/Tloc       60%        N/A       1%          3
b - Blink                 Tloc           N/A        N/A       1%          2
c - Apportation           Tloc           60%        N/A       1%          1
d - Polar Vortex          Ice            17%        N/A       100%        9
e - Tukima's Dance        Hex            31%        N/A       1%          3
f - Lesser Beckoning      Tloc           15%        N/A       1%          3
g - Manifold Assault      Tloc           30%        N/A       14%         5

Your spell library contained the following spells:

 Spells                   Type           Power      Damage    Failure   Level
 Freeze                   Ice            100%       1d11      1%          1
 Ensorcelled Hibernation  Hex/Ice        66%        N/A       1%          2
 Slow                     Hex            31%        N/A       1%          2
 Confusing Touch          Hex            31%        N/A       1%          3
 Frozen Ramparts          Ice            70%        1d9       1%          3
 Gell's Gravitas          Tloc           15%        N/A       1%          3
 Ozocubu's Armour         Ice            35%        N/A       1%          3
 Teleport Other           Tloc           30%        N/A       1%          3
 Cause Fear               Hex            15%        N/A       3%          4
 Passage of Golubria      Tloc           N/A        N/A       5%          4
 Metabolic Englaciation   Hex/Ice        16%        N/A       8%          5
 Inner Flame              Hex/Fire       18%        N/A       14%         3
 Summon Guardian Golem    Hex/Summ       18%        N/A       14%         3
 Hailstorm                Conj/Ice       20%        3d6       30%         4
 Ice Form                 Ice/Tmut       20%        N/A       30%         4
 Summon Ice Beast         Ice/Summ       20%        N/A       30%         4
 Fulminant Prism          Conj/Hex       9%         3d7       41%         4
 Leda's Liquefaction      Hex/Erth       9%         N/A       41%         4
 Beastly Appendage        Tmut           10%        N/A       45%         1
 Magic Dart               Conj           20%        1d4       45%         1
 Pain                     Necr           20%        1d5       45%         1
 Sting                    Tmut/Pois      20%        1d4       45%         1
 Iskenderun's Mystic Bla  Conj/Tloc      17%        2d5       45%         4
 Invisibility             Hex            15%        N/A       52%         6
 Call Imp                 Summ           5%         N/A       61%         2
 Corpse Rot               Necr/Air       N/A        N/A       61%         2
 Passwall                 Tmut/Erth      4%         N/A       61%         2
 Poisonous Vapours        Pois/Air       10%        N/A       61%         2
 Searing Ray              Conj           10%        3d3       61%         2
 Static Discharge         Conj/Air       5%         N/A       61%         2
 Sublimation of Blood     Necr           2%         N/A       61%         2
 Wereblood                Tmut           5%         N/A       61%         2
 Dispersal                Tloc           15%        N/A       63%         6
 Silence                  Hex/Air        9%         N/A       77%         5
 Summon Mana Viper        Hex/Summ       18%        N/A       77%         5
 Yara's Violent Unravell  Hex/Tmut       9%         3d6       77%         5
 Summon Forest            Summ/Tloc      8%         N/A       82%         5
 Call Canine Familiar     Summ           5%         N/A       83%         3
 Conjure Flame            Conj/Fire      5%         6-21      83%         3
 Ignite Poison            Fire/Tmut/Pois 5%         N/A       83%         3
 Mephitic Cloud           Conj/Pois/Air  5%         N/A       83%         3
 Spider Form              Tmut/Pois      2%         N/A       83%         3
 Stone Arrow              Conj/Erth      10%        3d7       83%         3
 Ozocubu's Refrigeration  Ice            17%        4d8       85%         7
 Freezing Cloud           Conj/Ice/Air   7%         6-21      91%         5
 Animate Armour           Summ/Erth      10%        N/A       99%         4
 Dispel Undead            Necr           5%         3d7       99%         4
 Olgreb's Toxic Radiance  Pois           5%         N/A       99%         4
 Petrify                  Tmut/Erth      5%         N/A       99%         4
 Sticky Flame             Conj/Fire      5%         2d3       99%         4
 Summon Lightning Spire   Summ/Air       5%         N/A       99%         4
 Simulacrum               Ice/Necr       10%        N/A       99%         6
 Agony                    Necr           5%         N/A       100%        5
 Alistair's Intoxication  Tmut/Pois      3%         N/A       100%        5
 Blade Hands              Tmut           2%         N/A       100%        5
 Bolt of Magma            Conj/Fire/Erth 2%         4d4       100%        5
 Borgnjor's Vile Clutch   Necr/Erth      2%         N/A       100%        5
 Excruciating Wounds      Necr           2%         N/A       100%        5
 Fireball                 Conj/Fire      2%         3d4       100%        5
 Irradiate                Conj/Tmut      2%         3d14      100%        5
 Iskenderun's Battlesphe  Conj           5%         2d6       100%        5
 Lee's Rapid Deconstruct  Erth           2%         3d6*      100%        5
 Conjure Ball Lightning   Conj/Air       2%         3x3d6     100%        6
 Eringya's Noxious Bog    Tmut/Pois      2%         N/A       100%        6
 Shadow Creatures         Summ           N/A        N/A       100%        6
 Statue Form              Tmut/Erth      3%         N/A       100%        6
 Dragon Form              Tmut           2%         N/A       100%        7
 Orb of Destruction       Conj           2%         9d1       100%        7
 Spellforged Servitor     Conj/Summ      2%         N/A       100%        7
 Storm Form               Tmut/Air       2%         N/A       100%        7
 Summon Hydra             Summ           2%         N/A       100%        7
 Discord                  Hex            15%        N/A       100%        8
 Disjunction              Tloc           15%        N/A       100%        8
 Infestation              Necr           2%         N/A       100%        8
 Lehudib's Crystal Spear  Conj/Erth      2%         10d2      100%        8
 Maxwell's Capacitive Co  Air            2%         ∞         100%        8
 Chain Lightning          Conj/Air       2%         3d3       100%        9
 Fire Storm               Conj/Fire      2%         8d1       100%        9
 Shatter                  Erth           2%         3d6*      100%        9


Dungeon Overview and Level Annotations

Branches:
Dungeon (15/15)            Temple (1/1) D:6            Lair (6/6) D:11
  Swamp (4/4) Lair:4        Snake (4/4) Lair:3        Slime (5/5) Lair:6
    Orc (2/2) D:10            Elf (3/3) Orc:2        Vaults (5/5) D:13
  Crypt (3/3) Vaults:2       Tomb (1/3) Crypt:3      Depths (5/5) D:15
   Hell (visited)             Dis (1/7) Hell            Geh (1/7) Hell
    Coc (1/7) Hell            Tar (1/7) Hell            Zot (5/5) Depths:5
  IceCv (visited)          WizLab (visited)

Altars:
Ashenzari
Cheibriados
Dithmenos
Elyvilon
Fedhas
Gozag
Hepliaklqana
Kikubaaqudgha
Makhleb
Nemelex Xobeh
Okawaru
Qazlal
Ru
Sif Muna
Trog
Uskayaw
Vehumet
Wu Jian
Xom
Yredelemnul
Zin
The Shining One
Beogh
Jiyva

Shops:
D:4 *   D:10 (*   Orc:2 [*(?[[((   Elf:2 ?*=[   Elf:3 :   Snake:4 !
Vaults:2 ?   Vaults:3 ?   Depths:5 **

Portals:
Hell: Depths:1 Depths:2 Depths:4 Depths:5
Abyss: Depths:4
Pandemonium: Depths:1
Ziggurat: Depths:5

Annotations:
D:2 1 runed translucent door, Crazy Yiuf
D:15 Roxanne
Vaults:2 2 runed translucent doors, Tang's ghost, master DsGl
Depths:2 3 runed translucent doors, Caupobu's ghost, adept DDFi; Huxu's ghost, adept NaFi
Depths:5 2 exclusions


Innate Abilities, Weirdness & Mutations

You have a pair of horns on your head.
You reflexively headbutt those who attack you in melee.
You are dopey. (Int -2)
Your flesh is heat resistant. (rF+)
You are frail. (-10% HP)
Your muscles are strong. (Str +2)
You evolve.
Your movements are slightly less encumbered by armour. (ER -2)


Message History

You block the demonic crawler's attack.
The demonic crawler hits you but does no damage.
The demonic crawler completely misses you.
A mysterious force pulls you upwards. The hatch slams shut behind you.
You open the demonic crawler like a pillowcase!!!
You headbutt the demonic crawler!
You kill the demonic crawler!
Okawaru accepts your kill.
This square is covered in magical glow.
The rock shatters into small pieces.
This square is covered in magical glow.
The rock shatters into small pieces.
There is a stone staircase leading up here.
You climb upwards.
Level annotation: 1 runed translucent door, Crazy Yiuf
There is a stone staircase leading down here.
As you read the scroll of teleportation {@r4}, it crumbles to dust.
You feel strangely unstable.
You feel the Orb delaying your translocation!
There is a stone staircase leading down here. 2 hellwings and a smoke demon come into view.
The smoke demon roars!
The hellwing gives a chilling moan.
The hellwing moves out of view.
There is a stone staircase leading down here.
Your surroundings suddenly seem different.
A chaos spawn comes into view.
There is a stone staircase leading up here.
You climb upwards.
There is a stone staircase leading down here.
There is an open door here.
This square is covered in magical glow.
The rock shatters into small pieces.
A tormentor comes into view.
Aim: a tormentor (chance to affect: 50%)
The tormentor resists with some effort.
Aim: a tormentor (chance to affect: 50%)
The tormentor resists with some effort.
Aim: a tormentor (chance to affect: 50%)
The tormentor suddenly stops moving!
A blizzard demon comes into view.
The blizzard demon gestures at you. The bolt of cold misses you.
The blizzard demon gestures at you. The bolt of cold misses you.
The blizzard demon waves its arms in wide circles.
The air twists around and strikes you. The blizzard demon gestures at you.
The bolt of lightning misses you.
There is a staircase leading out of the dungeon here.
You have escaped!

#......#####..
##..2.##.....##
#....##########
##...## #...##
##..## #..##
##.## #@## ###


You could see a blizzard demon.

Vanquished Creatures
  Dissolution (Slime:2)
  the Royal Jelly (Slime:5)
  4 dread liches
  Mara (Swamp:3)
  Mennas (Vaults:4)
  8 ancient liches
  5 orbs of fire
  2 juggernauts
  A royal mummy (Tomb:1)
  Sojobo (Vaults:4)
  8 shard shrikes (Coc:1)
  3 Killer Klowns (Zot:5)
  Xtahua (Crypt:3)
  Frederick (Crypt:3)
  Geryon (Hell)
  2 curse toes
  Margery (Vaults:4)
  4 caustic shrikes (Depths:3)
  The ghost of dolemite99 the Impaler, a veteran MfGl of Yredelemnul (Crypt:1)
  15 golden dragons
  Jory (Crypt:2)
  A mutant beast (WizLab)
  A profane servitor (Crypt:3)
  4 doom hounds (Tar:1)
  6 bone dragons
  10 Tzitzimimeh
  7 Brimstone Fiends
  An iron giant (Dis:1)
  22 tentacled monstrosities
  6 electric golems
  A Hell Sentinel (Dis:1)
  25 Orb Guardians
  5 Ice Fiends (Coc:1)
  4 titans
  24 acid blobs
  17 quicksilver dragons
  8 liches
  17 death cobs
  5 deep elf blademasters
  Gastronok (D:8)
  3 deep elf master archers (Elf:3)
  4 ancient champions
  Frances (Swamp:1)
  The ghost of SirDiesAlot the Eclecticist, an adept DECj of Vehumet (Elf:3)
  A thorn hunter (Swamp:4)
  15 shadow dragons
  20 storm dragons
  10 sphinxes
  9 draconian monks
  Kirke (Lair:5)
  7 rockslimes
  8 nagarajas
  A pandemonium lord (Zot:1)
  12 tengu reavers
  Donald (Vaults:2)
  5 revenants
  4 deep elf sorcerers (Elf:3)
  3 draconian knights
  15 vault wardens
  8 azure jellies
  A caustic shrike zombie (Depths:3)
  5 iron dragons
  7 fire giants
  7 draconian scorchers
  2 cacodemons
  An orc warlord (Vaults:1)
  5 balrugs
  2 ghost moths
  4 frost giants
  Aizul (Snake:1)
  2 draconian stormcallers (Zot:4)
  2 curse skulls
  The ghost of Tussaus the Reanimator, a journeyman NaNe of Cheibriados (Lair:6)
  6 draconian shifters
  2 juggernaut zombies
  10 draconian annihilators
  2 deep elf elementalists
  21 ironbound preservers
  3 ghouls
  20 reapers
  A caustic shrike skeleton (Depths:4)
  A juggernaut skeleton (Depths:3)
  7 quicksilver oozes
  8 war gargoyles
  A spriggan defender (Depths:4)
  12 black draconians
  19 stone giants
  11 deep elf demonologists
  26 very ugly things
  4 bennus (Tomb:1)
  3 entropy weavers
  12 vampire knights
  Azrael (Orc:2)
  8 green draconians
  10 deep elf annihilators
  2 lorocyprocas
  Nessos (D:15)
  3 dire elephants
  A bunyip (shapeshifter) (Vaults:5)
  2 spectral titans
  17 yellow draconians
  16 white draconians
  7 purple draconians
  3 bunyips
  10 spark wasps
  A spark wasp (shapeshifter) (Elf:1)
  15 red draconians
  4 eleionomae
  4 crystal guardians
  13 deep elf death magi
  2 quicksilver dragon zombies
  2 eidola (Crypt:1)
  11 fire dragons
  14 ettins
  6 blizzard demons
  A mummy priest (Tomb:1)
  A green death (Dis:1)
  8 deep elf high priests
  A shambling mangrove (Swamp:4)
  11 great orbs of eyes
  19 jiangshi
  2 kraken zombies (Coc:1)
  Harold (D:8)
  3 quicksilver dragon skeletons
  14 yaktaur captains
  Fannar (Lair:2)
  Erolcha (Orc:1)
  4 peacekeepers
  5 rakshasas
  32 vault guards
  18 ice dragons
  33 hydras
  An anaconda (shapeshifter) (Vaults:5)
  5 boulder beetles
  9 spriggan air magi
  6 ironbound thunderhulks
  3 hell beasts
  9 naga warriors
  7 ogre magi
  9 ironbound frosthearts
  4 spectral stone giants (Crypt:1)
  A salamander tyrant (Snake:4)
  11 alligators
  21 two-headed ogres
  28 dancing weapons
  A fenstrider witch skeleton (Crypt:2)
  A spectral fire giant (Crypt:1)
  6 anacondas
  A two-headed ogre (shapeshifter) (Vaults:1)
  14 death yaks
  8 death knights
  11 vampire magi
  13 centaur warriors
  8 deep troll shamans
  The ghost of pokeman the Thaumaturge, a journeyman DEWz of Vehumet (D:10)
  5 hell hogs
  A shock serpent (shapeshifter) (WizLab)
  3 spriggan berserkers
  6 orc high priests
  2 ironbound beastmasters
  8 tengu warriors
  9 deep troll earth magi
  8 soul eaters
  5 titan zombies
  Urug (Lair:1)
  3 iron golems
  3 shock serpents
  10 naga sharpshooters
  14 sun demons
  3 storm dragon zombies
  2 salamander mystics
  3 titan skeletons
  22 deep elf knights
  17 hell knights
  80 skeletal warriors
  A fire crab (Snake:4)
  3 fire crabs (shapeshifter)
  A golden dragon zombie (Coc:1)
  10 iron trolls
  The ghost of Sin92 the Poker, a novice DsFi of Okawaru (D:8)
  3 sixfirhies
  6 shadow demons
  A cherub (D:9)
  A storm dragon skeleton (Tar:1)
  3 ghost moth zombies
  7 glowing orange brains
  2 death drakes
  16 flayed ghosts
  64 deep trolls
  5 goliath frogs
  4 shadow wraiths (Crypt:3)
  A quicksilver dragon simulacrum (Crypt:1)
  2 spriggan druids
  10 swamp dragons
  5 anaconda zombies
  25 deep elf archers
  2 glowing orange brains (shapeshifter)
  2 orange crystal statues
  4 bog bodies
  16 wizards
  4 naga ritualists
  Pikel (D:8)
  16 ironbound convokers
  A lindwurm (Lair:6)
  28 deep elf zephyrmancers
  An obsidian statue (D:15)
  13 necromancers
  3 anaconda skeletons
  A lindwurm (shapeshifter) (D:13)
  4 orc knights
  2 tengu zombies
  6 iron dragon zombies
  21 phantasmal warriors
  25 deep elf pyromancers
  2 wolf spider zombies
  6 frost giant zombies
  6 stone giant zombies
  7 mana vipers
  A spectral ettin (Crypt:1)
  57 ugly things
  A goliath frog zombie (Crypt:2)
  2 harpies (Depths:1)
  3 shining eyes
  A sphinx zombie (Hell)
  12 salamanders
  2 orc sorcerers
  12 oklob plants
  An orb spider (shapeshifter) (WizLab)
  2 moths of wrath (shapeshifter)
  A wolf spider (D:13)
  3 manticores
  7 fire giant zombies
  A goliath frog skeleton (Crypt:2)
  7 cyclopes
  2 sphinx skeletons
  4 will-o-the-wisps
  77 slime creatures
  A cyclops (shapeshifter) (Vaults:1)
  A manticore (shapeshifter) (WizLab)
  9 elephants
  A salamander (shapeshifter) (Vaults:5)
  3 fire giant skeletons
  2 frost giant skeletons (Coc:1)
  30 moths of wrath
  31 black mambas
  A spectral shock serpent (Crypt:3)
  3 spriggan zombies
  2 dire elephant zombies
  16 rust devils
  13 vault sentinels
  A shock serpent zombie (Geh:1)
  An iron dragon skeleton (Coc:1)
  A toenail golem (Depths:4)
  11 naga magi
  5 smoke demons
  An elephant (shapeshifter) (Vaults:5)
  7 molten gargoyles
  11 torpor snails
  A guardian serpent (Snake:4)
  17 cane toads
  A water nymph (shapeshifter) (WizLab)
  4 ice statues
  4 hellions
  5 gargoyles
  An eye of devastation (shapeshifter) (WizLab)
  A cane toad (shapeshifter) (WizLab)
  2 orange demons
  18 freezing wraiths
  2 shock serpent skeletons
  A yaktaur zombie (Vaults:5)
  26 yaktaurs
  3 sea snake zombies (Hell)
  3 entropy weaver simulacra (IceCv)
  15 komodo dragons
  2 komodo dragons (shapeshifter) (WizLab)
  3 rime drakes
  33 tormentors
  2 efreet
  A hellwing (Depths:5)
  A catoblepas zombie (Geh:1)
  5 rime drakes (shapeshifter) (WizLab)
  2 demonic crawlers
  A grey draconian zombie (Crypt:1)
  A yaktaur (shapeshifter) (D:14)
  15 ice devils
  A silent spectre (Tar:1)
  2 dire elephant skeletons
  A purple draconian skeleton (Crypt:2)
  12 red devils
  5 anaconda simulacra
  4 tengu conjurers
  An alligator snapping turtle skeleton (Crypt:1)
  A queen bee (Lair:6)
  A jumping spider (shapeshifter) (Vaults:3)
  A harpy zombie (Tar:1)
  7 hydra zombies
  A death yak skeleton (Crypt:1)
  3 bloated husks
  7 guardian mummies
  2 polar bears (shapeshifter) (WizLab)
  9 trolls
  A troll (shapeshifter) (WizLab)
  A hornet (shapeshifter) (Vaults:5)
  A queen bee (shapeshifter) (WizLab)
  11 tyrant leeches
  2 harpy skeletons (Tar:1)
  14 hornets
  A jumping spider zombie (Crypt:1)
  3 ice dragon zombies
  7 large abominations (WizLab)
  4 hydra skeletons
  A polar bear (Lair:6)
  3 fire dragon zombies
  14 blink frogs
  A raiju (shapeshifter) (WizLab)
  A wind drake (Snake:4)
  21 dream sheep
  2 elf zombies
  3 alligator zombies
  3 ettin zombies
  A shock serpent simulacrum (Crypt:3)
  A deep troll zombie (Hell)
  2 meliai zombies
  68 flying skulls
  14 shadows
  4 ettin skeletons
  8 wraiths
  A ynoxinul (Zot:5)
  5 air elementals (Elf:1)
  4 fire dragon skeletons
  A redback (shapeshifter) (Depths:4)
  A tarantella (shapeshifter) (D:13)
  11 water elementals
  An ice dragon skeleton (Coc:1)
  A redback (Vaults:5)
  3 wyverns (Lair:5)
  2 centaur simulacra
  67 yaks
  12 spriggans
  2 yaks (shapeshifter)
  4 vampires
  3 humans (shapeshifter)
  2 alligator skeletons
  3 hogs (Lair:5)
  5 basilisks
  A black mamba skeleton (Geh:1)
  6 fire elementals
  A golden eye (shapeshifter) (WizLab)
  An ushabti (Tomb:1)
  A golden eye (Slime:1)
  A chaos spawn (Elf:2)
  3 dire elephant simulacra
  A death yak simulacrum (IceCv)
  A sea snake simulacrum (Hell)
  A vampire mosquito (D:13)
  Menkaure (D:7)
  4 harpy simulacra
  16 nagas
  20 swamp worms
  25 water moccasins
  2 wargs
  50 hell hounds
  4 acid dragons
  3 hydra simulacra
  2 cane toad zombies (Coc:1)
  A human skeleton (Vaults:5)
  A floating eye (shapeshifter) (Depths:4)
  4 floating eyes (WizLab)
  3 cane toad skeletons (Coc:1)
  3 hornet zombies
  A black bear (shapeshifter) (WizLab)
  2 black bears
  5 ice beasts
  13 swamp drakes
  A sky beast (D:6)
  27 orc warriors
  2 human zombies
  2 swamp dragon zombies
  2 alligator simulacra (Hell)
  13 ogres
  20 necrophages
  3 snapping turtle zombies (Dis:1)
  6 boggarts
  13 wolves
  The ghost of flotson the Sneak, an amateur DsDe (D:5)
  7 centaurs
  A manticore skeleton (Tar:1)
  2 swamp dragon skeletons
  4 phantoms
  2 snapping turtle skeletons (Tar:1)
  2 lemures
  2 kobold brigands
  20 bullfrogs
  3 scorpions
  A two-headed ogre simulacrum (IceCv)
  2 earth elementals (Elf:3)
  3 gnoll sergeants
  A glowing shapeshifter simulacrum (Vaults:5)
  2 wyvern zombies
  10 small abominations
  A wyvern skeleton (D:7)
  A water moccasin skeleton (D:5)
  A troll zombie (Crypt:1)
  17 killer bees
  An elephant simulacrum (IceCv)
  A queen bee zombie (Crypt:1)
  A snapping turtle simulacrum (Crypt:1)
  60 wights
  4 electric eels
  5 howler monkeys
  A crimson imp (Geh:1)
  6 centaur zombies
  A basilisk zombie (Crypt:2)
  24 orc priests
  5 iron imps (Dis:1)
  28 jellies
  A bullfrog skeleton (D:5)
  A gnoll shaman (D:9)
  4 hounds
  2 centaur skeletons (D:5)
  16 orc wizards
  3 iguanas (D:6)
  6 hell rats (Hell)
  A spriggan simulacrum (IceCv)
  A killer bee zombie (D:5)
  A human simulacrum (Crypt:1)
  A naga skeleton (Tar:1)
  A deep dwarf skeleton (Crypt:2)
  2 hound skeletons (D:4)
  7 mummies
  A howler monkey skeleton (D:7)
  8 adders
  13 gnolls
  3 shadow imps (Tar:1)
  4 white imps (Coc:1)
  A worm (D:2)
  A dart slug (D:4)
  86 orcs
  4 endoplasms
  9 hobgoblins
  14 jackals
  5 quokkas
  6 ball pythons
  4 bats
  A frilled lizard (D:1)
  7 goblins
  A jackal skeleton (Crypt:2)
  16 kobolds
  A kobold zombie (Coc:1)
  7 rats
  12 briar patches (Swamp:2)
  2 tentacles (Coc:1)
3233 creatures vanquished.

Vanquished Creatures (collateral kills)
  An orb of fire (Zot:5)
  A draconian shifter (Zot:5)
  A red draconian (Zot:5)
  A deep elf knight (Elf:2)
  A centaur zombie (D:9)
5 creatures vanquished.

Vanquished Creatures (others)
  A sphinx (Tomb:1)
  A war gargoyle (Vaults:5)
  A death knight (D:13)
  2 dancing weapons (Elf:2)
  A deep troll earth mage (Depths:4)
  3 deep elf knights (Elf:2)
  A deep elf pyromancer (Elf:2)
  3 deep elf zephyrmancers
  A bloated husk (Swamp:1)
  A jumping spider (shapeshifter) (D:13)
  A human (Lair:6)
  A briar patch (Swamp:2)
  10 foxfires
  50 fungi
  93 plants
  7 tentacles (Coc:1)
  7 withered plants (D:15)
184 creatures vanquished.

Grand Total: 3422 creatures vanquished

Notes
Turn   | Place    | Note
-------+----------+-------------------------------------------
     0 | D:1      | Pooter the Minotaur Monk began the quest for the Orb.
     0 | D:1      | Reached XP level 1. HP: 19/19 MP: 0/0
   333 | D:1      | Reached XP level 2. HP: 27/27 MP: 1/1
  1075 | D:2      | Reached skill level 4 in Fighting
  1298 | D:2      | Reached XP level 3. HP: 25/33 MP: 2/2
  1413 | D:2      | Found a runed translucent door.
  1414 | D:2      | Noticed Crazy Yiuf
  1851 | D:2      | Found a faded altar of an unknown god.
  2072 | D:2      | Reached XP level 4. HP: 29/40 MP: 3/3
  2610 | D:3      | Reached skill level 5 in Axes
  2835 | D:3      | Noticed an ogre
  2850 | D:3      | Killed an ogre
  2851 | D:3      | Reached skill level 1 in Evocations
  2851 | D:3      | Reached XP level 5. HP: 17/47 MP: 4/4
  4129 | D:4      | Found Ipauth's General Store.
  4184 | D:4      | Bought a scroll of identify for 24 gold pieces
  4184 | D:4      | Bought a scroll of immolation for 42 gold pieces
  4258 | D:4      | Reached XP level 6. HP: 40/49 MP: 5/5
  4272 | D:4      | Reached skill level 5 in Fighting
  4801 | D:5      | Entered Level 5 of the Dungeon
  5348 | D:5      | Identified the +4 ring mail "Qaipoeth" {Harm}
  5721 | D:5      | Reached XP level 7. HP: 61/61 MP: 6/6
  5865 | D:5      | Found a runed translucent gate.
  5866 | D:5      | Found a runed translucent gate.
  5866 | D:5      | Found a runed translucent gate.
  5867 | D:5      | Noticed flotson's ghost (amateur DsDe)
  6110 | D:6      | Found a staircase to the Ecumenical Temple.
  6115 | Temple   | Entered the Ecumenical Temple
  6223 | Temple   | Became a worshipper of Warmaster Okawaru
  6223 | Temple   | Reached * piety under Okawaru
  6223 | Temple   | Reached ** piety under Okawaru
  6272 | D:6      | Reached skill level 5 in Dodging
  6390 | D:6      | Reached skill level 1 in Slings
  6606 | D:6      | Reached skill level 6 in Fighting
  6722 | D:6      | Reached XP level 8. HP: 70/70 MP: 7/7
  7241 | D:6      | Identified the -1 buckler of Yesterday {+Inv rCorr Str+7}
  7355 | D:6      | Found the macabre finger necklace {rN+}
  8154 | D:7      | Noticed Menkaure
  8161 | D:7      | Killed Menkaure
  8162 | D:7      | Reached skill level 7 in Fighting
  8425 | D:7      | Reached XP level 9. HP: 69/79 MP: 8/8
  9028 | D:7      | Reached *** piety under Okawaru
  9030 | D:7      | Reached skill level 10 in Axes
  9414 | D:7      | Found a shimmering altar of Xom.
  9914 | D:8      | Noticed Gastronok
  9928 | D:8      | Killed Gastronok
  9928 | D:8      | Reached **** piety under Okawaru
  9929 | D:8      | Reached skill level 8 in Fighting
  9929 | D:8      | Reached skill level 5 in Slings
  9929 | D:8      | Reached skill level 5 in Evocations
  9929 | D:8      | Reached XP level 10. HP: 89/89 MP: 7/10
 10117 | D:8      | Noticed Harold
 10126 | D:8      | Killed Harold
 10129 | D:8      | Noticed Pikel
 10498 | D:8      | Killed Pikel
 10659 | D:8      | Noticed a deep elf zephyrmancer
 10671 | D:8      | Killed a deep elf zephyrmancer
 11109 | D:8      | Found a runed translucent gate.
 11245 | D:8      | Found a runed translucent gate.
 11245 | D:8      | Found a runed translucent gate.
 11278 | D:8      | Noticed a nine-headed hydra
 11672 | D:8      | Noticed a nine-headed hydra
 11673 | D:8      | Noticed Sin92's ghost (novice DsFi)
 11766 | D:8      | Received a gift from Okawaru
 12098 | D:9      | Noticed an orange crystal statue
 12344 | D:9      | Reached skill level 9 in Fighting
 12580 | D:9      | Noticed a two-headed ogre
 12596 | D:9      | Killed a two-headed ogre
 12597 | D:9      | Reached XP level 11. HP: 97/97 MP: 12/12
 12629 | D:9      | Reached ***** piety under Okawaru
 12832 | D:9      | Killed an orange crystal statue
 13089 | D:10     | Entered Level 10 of the Dungeon
 13089 | D:10     | Found Cibooroa's Assorted Antiques.
 13097 | D:10     | Bought a scroll labelled LOTZUXZ DIBB for 32 gold pieces
 13103 | D:10     | Received a gift from Okawaru
 13668 | D:10     | Found a staircase to the Orcish Mines.
 13688 | D:10     | Found Utaficui's Weapon Emporium.
 13782 | D:10     | Found a transporter.
 13782 | D:10     | Noticed a death knight
 13782 | D:10     | Noticed pokeman's ghost (journeyman DEWz)
 13804 | D:10     | Found a transporter.
 13820 | D:10     | Reached skill level 1 in Shields
 13959 | Orc:1    | Entered Level 1 of the Orcish Mines
 14554 | Orc:1    | Noticed Erolcha
 14587 | D:10     | Bought a glowing fustibalus for 576 gold pieces
 15083 | D:11     | Identified a scroll of acquirement
 15083 | D:11     | Acquired a +2 crystal plate armour
 15105 | D:11     | Received a gift from Okawaru
 15106 | D:11     | Reached skill level 5 in Invocations
 15240 | D:11     | Reached skill level 1 in Armour
 15326 | D:11     | Noticed a boulder beetle
 15341 | D:11     | Killed a boulder beetle
 15341 | D:11     | Identified the +4 plate armour "Feidghil" {+Blink Stlth+}
                  | (Okawaru gifted it to you on level 11 of the Dungeon)
 15341 | D:11     | Received a gift from Okawaru
 15342 | D:11     | Reached skill level 10 in Fighting
 15704 | D:11     | Reached XP level 12. HP: 100/106 MP: 13/15
 15969 | D:11     | Found a staircase to the Lair.
 16073 | Lair:1   | Entered Level 1 of the Lair of Beasts
 16426 | Lair:1   | Noticed Urug
 16444 | Lair:1   | Killed Urug
 17215 | Lair:1   | Identified the +9 war axe "Tuhoecetakh" {drain, Contam
                  | Dex+6}
 17805 | Lair:2   | Noticed a death yak
 17805 | Lair:2   | Noticed a death yak
 17805 | Lair:2   | Noticed a death yak
 17806 | Lair:2   | Noticed a death yak
 17809 | Lair:2   | Noticed a seven-headed hydra
 17900 | Lair:1   | Killed a death yak
 17901 | Lair:1   | Killed a death yak
 17902 | Lair:1   | Reached skill level 1 in Throwing
 17902 | Lair:1   | Reached skill level 5 in Shields
 17934 | Lair:1   | Killed a ten-headed hydra
 17934 | Lair:1   | Received a gift from Okawaru
 17941 | Lair:1   | Killed a death yak
 18080 | Lair:1   | Killed a death yak
 18301 | Lair:2   | Reached XP level 13. HP: 115/115 MP: 13/16
 18375 | Lair:2   | Reached skill level 11 in Fighting
 18600 | Lair:2   | Reached skill level 5 in Armour
 18716 | Lair:2   | Noticed Fannar
 18717 | Lair:2   | Received a gift from Okawaru
 18724 | Lair:2   | Killed Fannar
 18814 | Lair:2   | Found a snail-covered altar of Cheibriados.
 19295 | Lair:3   | Received a gift from Okawaru
 19511 | Lair:3   | Found a staircase to the Snake Pit.
 19764 | Lair:3   | Reached skill level 15 in Axes
 20550 | Lair:4   | Received a gift from Okawaru
 20720 | Lair:4   | Found a staircase to the Swamp.
 21523 | Lair:4   | Reached ****** piety under Okawaru
 21523 | Lair:4   | Received a gift from Okawaru
 22085 | Lair:5   | Reached XP level 14. HP: 97/125 MP: 15/18
 23304 | Lair:6   | Entered Level 6 of the Lair of Beasts
 23765 | Lair:5   | Received a gift from Okawaru
 23766 | Lair:5   | Reached skill level 12 in Fighting
 23920 | Lair:5   | Reached skill level 5 in Throwing
 24197 | Lair:6   | Noticed Kirke
 24243 | Lair:5   | Killed Kirke
 24680 | Lair:6   | Noticed Tussaus's ghost (journeyman NaNe)
 24706 | Lair:6   | Reached skill level 10 in Dodging
 24947 | Lair:6   | Found a staircase to the Slime Pits.
 25523 | Lair:6   | Found a runed translucent door.
 25532 | Lair:6   | Identified the +1 robe "Vooch" {rElec} (Okawaru gifted it
                  | to you on level 6 of the Lair of Beasts)
 25532 | Lair:6   | Received a gift from Okawaru
 25533 | Lair:6   | Reached XP level 15. HP: 106/134 MP: 18/20
 25890 | Lair:6   | Found a runed translucent gate.
 25891 | Lair:6   | Found a runed translucent gate.
 25892 | Lair:6   | Found a runed translucent gate.
 26357 | Lair:6   | Killed Tussaus's ghost
 26709 | D:12     | Found a frozen archway.
 26805 | IceCv    | Entered an ice cave
 27791 | D:12     | Reached skill level 13 in Fighting
 28670 | D:12     | Received a gift from Okawaru
 29030 | D:13     | Received a gift from Okawaru
 29035 | D:13     | Reached skill level 10 in Evocations
 29373 | D:13     | Received a gift from Okawaru
 29644 | D:13     | Received a gift from Okawaru
 29645 | D:13     | Reached skill level 10 in Armour
 30068 | D:13     | Found a gate to the Vaults.
 30266 | D:14     | Reached XP level 16. HP: 137/144 MP: 19/22
 30498 | D:14     | Identified the +6 hand axe "Xaxzepn" {drain, rC+}
 30958 | D:15     | Entered Level 15 of the Dungeon
 31023 | D:14     | Reached skill level 10 in Invocations
 31197 | D:15     | Identified Roxanne's Guide on Shape Shifting
 31197 | D:15     | Noticed Roxanne
 31284 | D:15     | Identified the +0 pair of gloves "Farrarenutu" {MP+9 Int+9
                  | Dex-2}
 31666 | D:15     | Found a staircase to the Depths.
 31933 | D:15     | Noticed Nessos
 31950 | D:15     | Killed Nessos
 32026 | D:15     | Received a gift from Okawaru
 32216 | D:15     | Found an iron altar of Okawaru.
 32902 | Orc:1    | Killed Erolcha
 32903 | Orc:1    | Reached skill level 14 in Fighting
 33322 | Orc:2    | Entered Level 2 of the Orcish Mines
 33326 | Orc:2    | Found Yruiblur's Antique Armour Emporium.
 33372 | Orc:2    | Bought a glowing scarf for 248 gold pieces
 33375 | Orc:2    | Found a staircase to the Elven Halls.
 33535 | Orc:2    | Found Vorin's Antique Armour Boutique.
 33535 | Orc:2    | Found Qamn's Antique Weapon Shop.
 33538 | Orc:2    | Found Jeyt's General Store.
 33778 | Orc:2    | Found Jech's Antique Weapon Emporium.
 33802 | Orc:2    | Found Xoexuh's Weapon Emporium.
 33880 | Orc:2    | Found Leac's Magic Scroll Boutique.
 33888 | Orc:2    | Bought a scroll of identify for 28 gold pieces
 33888 | Orc:2    | Bought a scroll of summoning for 133 gold pieces
 33888 | Orc:2    | Bought a scroll of identify for 28 gold pieces
 33888 | Orc:2    | Bought a scroll of identify for 28 gold pieces
 33888 | Orc:2    | Bought a scroll of identify for 28 gold pieces
 33888 | Orc:2    | Bought a scroll of identify for 28 gold pieces
 33943 | Orc:2    | Noticed Azrael
 33962 | Orc:2    | Killed Azrael
 34132 | Orc:2    | Found Goatiwee's Antique Armour Boutique.
 34651 | D:5      | Killed flotson's ghost
 34825 | D:8      | Killed Sin92's ghost
 35085 | D:10     | Killed pokeman's ghost
 35400 | Snake:1  | Entered Level 1 of the Snake Pit
 35449 | Snake:1  | Noticed Aizul
 35467 | Snake:1  | Killed Aizul
 36816 | Snake:2  | Reached XP level 17. HP: 152/152 MP: 21/23
 37067 | Snake:2  | Received a gift from Okawaru
 37229 | Snake:2  | Received a gift from Okawaru
 38368 | Snake:3  | Received a gift from Okawaru
 38475 | Snake:3  | Gained mutation: You expend magic power (3 MP) to
                  | strengthen your wands. [potion of mutation]
 38475 | Snake:3  | Gained mutation: You are partially covered in iridescent
                  | scales. (AC +2) [potion of mutation]
 38475 | Snake:3  | Gained mutation: You have large cloven feet. [potion of
                  | mutation]
 38476 | Snake:3  | Lost mutation: You are partially covered in iridescent
                  | scales. (AC +2) [potion of mutation]
 38476 | Snake:3  | Lost mutation: You have large cloven feet. [potion of
                  | mutation]
 38476 | Snake:3  | Gained mutation: Armour fits poorly on your strangely
                  | shaped body. [potion of mutation]
 38476 | Snake:3  | Gained mutation: Your flesh is heat resistant. (rF+)
                  | [potion of mutation]
 38477 | Snake:3  | Lost mutation: You expend magic power (3 MP) to strengthen
                  | your wands. [potion of mutation]
 38477 | Snake:3  | Lost mutation: Armour fits poorly on your strangely shaped
                  | body. [potion of mutation]
 38477 | Snake:3  | Gained mutation: Your system is resistant to poisons.
                  | (rPois) [potion of mutation]
 38477 | Snake:3  | Gained mutation: Your body sometimes deteriorates upon
                  | taking damage. [potion of mutation]
 38477 | Snake:3  | Gained mutation: You sometimes lose the ability to read
                  | scrolls when taking damage. [potion of mutation]
 38478 | Snake:3  | Lost mutation: Your system is resistant to poisons. (rPois)
                  | [potion of mutation]
 38478 | Snake:3  | Lost mutation: You sometimes lose the ability to read
                  | scrolls when taking damage. [potion of mutation]
 38478 | Snake:3  | Lost mutation: Your flesh is heat resistant. (rF+) [potion
                  | of mutation]
 38478 | Snake:3  | Gained mutation: You are clumsy. (Dex -2) [potion of
                  | mutation]
 38478 | Snake:3  | Gained mutation: Your body often deteriorates upon taking
                  | damage. [potion of mutation]
 38479 | Snake:3  | Lost mutation: You are clumsy. (Dex -2) [potion of
                  | mutation]
 38479 | Snake:3  | Lost mutation: Your body often deteriorates upon taking
                  | damage. [potion of mutation]
 38479 | Snake:3  | Lost mutation: Your body sometimes deteriorates upon taking
                  | damage. [potion of mutation]
 38479 | Snake:3  | Gained mutation: You passively map a small area around you.
                  | [potion of mutation]
 38479 | Snake:3  | Gained mutation: You are occasionally teleported next to
                  | monsters. [potion of mutation]
 38479 | Snake:3  | Gained mutation: You have sharp fingernails. [potion of
                  | mutation]
 38480 | Snake:3  | Lost mutation: You are occasionally teleported next to
                  | monsters. [potion of mutation]
 38480 | Snake:3  | Lost mutation: You have sharp fingernails. [potion of
                  | mutation]
 38480 | Snake:3  | Gained mutation: You are covered in fur. (AC +1) [potion of
                  | mutation]
 38480 | Snake:3  | Gained mutation: You are frail. (-10% HP) [potion of
                  | mutation]
 38480 | Snake:3  | Gained mutation: You have a pair of large horns on your
                  | head. [potion of mutation]
 38481 | Snake:3  | Lost mutation: You are covered in fur. (AC +1) [potion of
                  | mutation]
 38481 | Snake:3  | Lost mutation: You passively map a small area around you.
                  | [potion of mutation]
 38481 | Snake:3  | Lost mutation: You are frail. (-10% HP) [potion of
                  | mutation]
 38481 | Snake:3  | Gained mutation: Your mind is acute. (Int +2) [potion of
                  | mutation]
 38481 | Snake:3  | Gained mutation: Your mind is very acute. (Int +4) [potion
                  | of mutation]
 38482 | Snake:3  | Lost mutation: Your mind is very acute. (Int +4) [potion of
                  | mutation]
 38482 | Snake:3  | Lost mutation: You have a pair of large horns on your head.
                  | [potion of mutation]
 38482 | Snake:3  | Gained mutation: Your flesh is heat resistant. (rF+)
                  | [potion of mutation]
 38846 | Snake:4  | Entered Level 4 of the Snake Pit
 39090 | Snake:4  | Received a gift from Okawaru
 39091 | Snake:4  | Reached skill level 5 in Stealth
 39401 | Snake:4  | Found Gevin's Distillery.
 39409 | Snake:4  | Bought a potion of might for 52 gold pieces
 39409 | Snake:4  | Bought a potion of heal wounds for 65 gold pieces
 39409 | Snake:4  | Bought 2 potions of heal wounds for 130 gold pieces
 39409 | Snake:4  | Bought 2 potions of heal wounds for 130 gold pieces
 39409 | Snake:4  | Bought a potion of curing for 39 gold pieces
 39409 | Snake:4  | Bought a potion of might for 52 gold pieces
 39409 | Snake:4  | Bought a potion of mutation for 104 gold pieces
 39409 | Snake:4  | Bought a potion of might for 52 gold pieces
 39795 | Snake:4  | Identified the +4 ring mail of Mumblety Peg {Harm Regen+
                  | Int+10 Slay-2}
 40966 | Snake:4  | Noticed a quicksilver dragon
 40967 | Snake:4  | Noticed a quicksilver dragon
 40976 | Snake:4  | Killed a quicksilver dragon
 40978 | Snake:4  | Killed a quicksilver dragon
 40978 | Snake:4  | Received a gift from Okawaru
 41230 | Snake:4  | Got a serpentine rune of Zot
 41368 | Snake:4  | Reached skill level 10 in Slings
 41755 | Snake:2  | Reached XP level 18. HP: 162/162 MP: 25/25
 41837 | Swamp:1  | Entered Level 1 of the Swamp
 41838 | Swamp:1  | Noticed Frances
 41916 | Swamp:1  | Killed Frances
 42216 | Swamp:1  | Identified the +5 hand axe of Terror {venom, rElec MP+9}
 42476 | Swamp:1  | Reached skill level 15 in Fighting
 42891 | Swamp:2  | Found a transporter.
 43013 | Swamp:2  | Found a transporter.
 43258 | Swamp:2  | Reached skill level 1 in Polearms
 43283 | Swamp:2  | Identified the +4 trident of Deoha {freeze, +Blink rPois
                  | Int-5}
 44158 | Swamp:2  | Identified the ring of Makhleb's Wrath {rC+ Will+ Dex+5}
 44400 | Swamp:3  | Reached skill level 10 in Throwing
 44805 | Swamp:3  | Noticed Mara
 44835 | Swamp:3  | Noticed Pooter's illusion
 45086 | Swamp:4  | Entered Level 4 of the Swamp
 45362 | Swamp:3  | Noticed Pooter's illusion
 45376 | Swamp:3  | Killed Mara
 45376 | Swamp:3  | Received a gift from Okawaru
 45376 | Swamp:3  | Received a gift from Okawaru
 46246 | Swamp:4  | Received a gift from Okawaru
 48975 | Swamp:4  | Received a gift from Okawaru
 49395 | Swamp:4  | Upgraded the game from 0.28-a0-8-g6e044cfa68 to
                  | 0.28-a0-10-g964c8b829e
 50681 | Swamp:4  | Got a decaying rune of Zot
 51121 | Elf:1    | Entered Level 1 of the Elven Halls
 51230 | Elf:1    | Received a gift from Okawaru
 51235 | Elf:1    | Reached XP level 19. HP: 93/170 MP: 26/26
 51250 | Elf:1    | Found a flickering gateway to a bazaar.
 51259 | Bazaar   | Entered a bazaar
 51259 | Bazaar   | Found Neppoq's Jewellery Boutique.
 51259 | Bazaar   | Found Seurch's Antique Weapon Boutique.
 51259 | Bazaar   | Found Kyw Fant's Distillery.
 51259 | Bazaar   | Found Annol's Assorted Antiques.
 51259 | Bazaar   | Found Gevol's Distillery.
 51268 | Bazaar   | Bought a potion of haste for 60 gold pieces
 51268 | Bazaar   | Bought a potion of resistance for 60 gold pieces
 51268 | Bazaar   | Bought a potion of heal wounds for 30 gold pieces
 51268 | Bazaar   | Bought a potion of heal wounds for 30 gold pieces
 51268 | Bazaar   | Bought a potion of haste for 60 gold pieces
 51268 | Bazaar   | Bought a potion of curing for 18 gold pieces
 51268 | Bazaar   | Bought a potion of heal wounds for 30 gold pieces
 51438 | Bazaar   | Bought 2 potions of curing for 150 gold pieces
 51438 | Bazaar   | Bought a potion of heal wounds for 125 gold pieces
 51438 | Bazaar   | Bought a scroll of blinking for 187 gold pieces
 51438 | Bazaar   | Bought a scroll of immolation for 87 gold pieces
 51438 | Bazaar   | Bought a wand of acid (6) for 200 gold pieces
 51447 | Bazaar   | Bought a potion of curing for 33 gold pieces
 51447 | Bazaar   | Bought a potion of heal wounds for 55 gold pieces
 51451 | Bazaar   | Bought a pitted morningstar for 117 gold pieces
 51451 | Bazaar   | Identified the +5 morningstar "Ogrebane" {flame, Str+4}
                  | (You bought it in a shop in a bazaar)
 51550 | Elf:1    | Received a gift from Okawaru
 51718 | Elf:1    | You fall into a shaft and drop 1 floor!
 52138 | Elf:2    | Found a runed translucent gate.
 52138 | Elf:2    | Found a runed translucent gate.
 52139 | Elf:2    | Found a runed translucent gate.
 52175 | Elf:2    | Reached skill level 5 in Polearms
 52177 | Elf:2    | Received a gift from Okawaru
 52221 | Elf:2    | Received a gift from Okawaru
 52248 | Elf:2    | Found Nichuw's Magic Scroll Boutique.
 52556 | Vaults:1 | Entered Level 1 of the Vaults
 53759 | Vaults:1 | Identified the +11 bardiche of Doom {freeze, +Rage rN+}
                  | (Okawaru gifted it to you on level 1 of the Vaults)
 53759 | Vaults:1 | Received a gift from Okawaru
 54592 | Vaults:2 | Reached skill level 16 in Fighting
 54940 | Vaults:2 | Found a staircase to the Crypt.
 54951 | Vaults:2 | Noticed Donald
 54962 | Vaults:2 | Killed Donald
 54976 | Vaults:2 | Reached XP level 20. HP: 55/180 MP: 28/28
 55375 | Vaults:2 | Received a gift from Okawaru
 55455 | Vaults:2 | Found Cunantao's Magic Scroll Emporium.
 55463 | Vaults:2 | Bought a scroll of enchant armour for 105 gold pieces
 55463 | Vaults:2 | Bought a scroll of magic mapping for 49 gold pieces
 55463 | Vaults:2 | Bought a scroll of enchant weapon for 105 gold pieces
 55463 | Vaults:2 | Bought a scroll of magic mapping for 49 gold pieces
 55463 | Vaults:2 | Bought a scroll of enchant armour for 105 gold pieces
 55463 | Vaults:2 | Bought a scroll of magic mapping for 49 gold pieces
 55516 | Vaults:2 | Received a gift from Okawaru
 56061 | Vaults:2 | Found a large runed translucent door.
 56061 | Vaults:2 | Noticed Tang's ghost (master DsGl)
 56062 | Vaults:2 | Found a large runed translucent door.
 58566 | Vaults:3 | Received a gift from Okawaru
 58587 | Vaults:3 | Found Ifaj Ocigewe's Magic Scroll Emporium.
 58595 | Vaults:3 | Bought a scroll of fog for 22 gold pieces
 58595 | Vaults:3 | Bought a scroll of magic mapping for 38 gold pieces
 58661 | Vaults:3 | Received a gift from Okawaru
 59328 | Vaults:3 | Identified the +1 arbalest of Flawed Execution {flame, rN+}
 59717 | Vaults:4 | Found a portal to a secret trove of treasure.
 59722 | Vaults:4 | You paid a toll of 4 potions of resistance to enter a
                  | treasure trove
 59723 | Trove    | Entered a treasure trove
 59727 | Trove    | Identified the ring of Roly {Will+ MP+9 Str+6}
 59730 | Trove    | Identified the ring "Qatrid" {rPois rF+ Int+4}
 59735 | Trove    | Identified the ring of Irrostu {rPois Will++ rCorr Str-5
                  | Dex+6}
 59737 | Trove    | Identified the ring of Leixibiny {rC- rCorr MP+9 Str+6
                  | Int-3}
 59738 | Trove    | Identified the ring of Twilight {Will+ Int+6}
 59739 | Trove    | Identified the ring "Quhonenox" {Str+6 Dex+2 Slay+6}
 59740 | Trove    | Identified the ring of Faagoman {rElec EV+4 Int+5 Dex+4
                  | SInv}
 59776 | Vaults:4 | Reached XP level 21. HP: 190/190 MP: 27/29
 59790 | Vaults:4 | Noticed Mennas
 59814 | Vaults:4 | Killed Mennas
 59815 | Vaults:4 | Reached skill level 15 in Dodging
 60067 | Vaults:4 | Identified the +3 scale mail of the Furies {+Blink}
                  | (Okawaru gifted it to you on level 4 of the Vaults)
 60067 | Vaults:4 | Received a gift from Okawaru
 60139 | Vaults:4 | Reached skill level 17 in Fighting
 60321 | Vaults:4 | Noticed Margery
 60322 | Vaults:4 | Noticed Sojobo
 60332 | Vaults:4 | Killed Sojobo
 60789 | Vaults:4 | Killed Margery
 60790 | Vaults:4 | Reached skill level 15 in Armour
 61564 | Vaults:5 | Entered Level 5 of the Vaults
 61569 | Vaults:5 | Received a gift from Okawaru
 61571 | Vaults:5 | Reached skill level 15 in Slings
 61573 | Vaults:5 | Reached skill level 10 in Stealth
 61584 | Vaults:5 | Received a gift from Okawaru
 61584 | Vaults:5 | Noticed a dread lich
 61823 | Vaults:5 | Noticed a dread lich
 61830 | Vaults:5 | Killed a dread lich
 61843 | Vaults:5 | Killed a dread lich
 61843 | Vaults:5 | Received a gift from Okawaru
 61859 | Vaults:5 | Received a gift from Okawaru
 62103 | Vaults:5 | Received a gift from Okawaru
 62104 | Vaults:5 | Reached XP level 22. HP: 178/201 MP: 24/30
 62540 | Vaults:5 | Noticed a golden dragon
 62550 | Vaults:5 | Killed a golden dragon
 62648 | Vaults:5 | Reached skill level 18 in Fighting
 62759 | Vaults:5 | Noticed an ancient lich
 62773 | Vaults:5 | Killed an ancient lich
 62773 | Vaults:5 | Identified the +4 ring mail "Kainups" {Rampage rC- Int+4
                  | SInv} (Okawaru gifted it to you on level 5 of the Vaults)
 62773 | Vaults:5 | Received a gift from Okawaru
 64856 | Vaults:5 | Received a gift from Okawaru
 64968 | Vaults:5 | Got Soniulus's Disquisition on Spatial Transmutation
 65146 | Vaults:5 | Identified the +3 hand axe "Rofria" {vorpal, rN+++ Dex-2
                  | Stlth+}
 65177 | Vaults:5 | Got a silver rune of Zot
 65239 | Vaults:5 | Received a gift from Okawaru
 65799 | Vaults:5 | Identified the +0 chain mail of the Farrier {Regen+ rCorr}
 65898 | Vaults:5 | Found the +3 pair of gauntlets of War {Slay+5}
 65918 | Vaults:5 | Identified the +3 ring mail of the Grey Skies {Dex+3}
 66303 | Elf:1    | Received a gift from Okawaru
 66355 | Elf:1    | Reached XP level 23. HP: 211/211 MP: 31/31
 67799 | Elf:1    | Received a gift from Okawaru
 67982 | Elf:1    | Found a runed translucent gate.
 67982 | Elf:1    | Found a runed translucent gate.
 67982 | Elf:1    | Found a runed translucent gate.
 67982 | Elf:1    | Found a runed translucent gate.
 67982 | Elf:1    | Found a runed translucent gate.
 67984 | Elf:1    | Found a runed translucent gate.
 68122 | Elf:1    | Paralysed by an air elemental for 1 turns
 68685 | Elf:2    | Found Felo's Jewellery Shop.
 68688 | Elf:2    | Found Alaeharch's Armour Shop.
 68692 | Elf:2    | Found Uliur's General Store.
 68705 | Elf:2    | Bought a scroll of magic mapping for 66 gold pieces
 68705 | Elf:2    | Bought a scroll of magic mapping for 66 gold pieces
 68708 | Elf:2    | Bought a scroll of enchant weapon for 97 gold pieces
 68708 | Elf:2    | Bought a scroll of enchant armour for 97 gold pieces
 68708 | Elf:2    | Bought a scroll of holy word for 97 gold pieces
 68708 | Elf:2    | Bought a scroll of enchant armour for 97 gold pieces
 69284 | Elf:3    | Entered Level 3 of the Elven Halls
 69457 | Elf:3    | Identified the +8 longbow "Zunla" {venom, *Slow rPois rF+++
                  | Dex-5}
 69458 | Elf:3    | Found a transporter.
 69458 | Elf:3    | Noticed SirDiesAlot's ghost (adept DECj)
 69466 | Elf:3    | Found a bloodstained altar of Trog.
 69722 | Elf:3    | Found a transporter.
 69733 | Elf:3    | Found Plog's Book Boutique.
 70119 | Elf:3    | Acquired the +1 pair of gloves of Lilacs {Will+ Str+4}
 71068 | Elf:3    | Identified the +0 plate armour "Solud" {Int+3} (Okawaru
                  | gifted it to you on level 3 of the Elven Halls)
 71068 | Elf:3    | Received a gift from Okawaru
 71279 | Elf:3    | Identified the ring "Jiwoukk" {rElec rF+ Str+2 Dex+2}
 71742 | Elf:3    | Identified the +1 great sword "Bishuliwke" {holy, *Slow
                  | +Rage rF+}
 71749 | Elf:3    | Reached skill level 15 in Evocations
 71937 | Elf:3    | Identified the +1 glaive "Symuseap" {flame, SInv}
 71989 | Elf:3    | Identified the ring of Cuyni {rF++ AC+4 Str+4 Dex+6}
 71993 | Elf:3    | Identified the +7 great mace "Jauwad" {speed, rPois rCorr
                  | MP+9 Dex+2}
 71997 | Elf:3    | Reached skill level 19 in Fighting
 73460 | Elf:3    | Identified the +5 mace of the Forsaken Knives {freeze,
                  | *Noise rC++ Stlth+}
 73576 | Elf:3    | Got the Volume of Evil Transmutation
 73581 | Elf:3    | Got Yciam's Compendium of Blows and Bruises
 73587 | Elf:3    | Identified the +1 dagger of Indomitability {vorpal, Dex+3}
 73605 | Elf:3    | Got the Collected Works on the Compass and Summoning
 74035 | Depths:1 | Entered Level 1 of the Depths
 74090 | Depths:1 | Found a magical portal.
 74102 | WizLab   | Entered Cigotuvi's Fleshworks
 74257 | WizLab   | Paralysed by a floating eye for 3 turns
 74284 | WizLab   | Identified the ring "Jofrer" {rC- Will+++ rCorr MP+9 SInv}
 74792 | WizLab   | Got Cigotuvi's Handbook of Evil Transmigration
 74824 | WizLab   | Received a gift from Okawaru
 75323 | Depths:1 | Found a one-way gate leading to the halls of Pandemonium.
 75581 | Depths:1 | Found a gateway to Hell.
 75674 | Depths:1 | Received a gift from Okawaru
 75694 | Depths:1 | Reached XP level 24. HP: 221/221 MP: 29/32
 76026 | Depths:2 | Lost mutation: Your flesh is heat resistant. (rF+) [potion
                  | of mutation]
 76026 | Depths:2 | Lost mutation: Your mind is acute. (Int +2) [potion of
                  | mutation]
 76026 | Depths:2 | Gained mutation: Your natural rate of healing is unusually
                  | fast. [potion of mutation]
 76026 | Depths:2 | Gained mutation: Armour fits poorly on your strangely
                  | shaped body. [potion of mutation]
 76026 | Depths:2 | Gained mutation: Your spells are a little easier to cast,
                  | but a little less powerful. [potion of mutation]
 76027 | Depths:2 | Lost mutation: Your spells are a little easier to cast, but
                  | a little less powerful. [potion of mutation]
 76027 | Depths:2 | Lost mutation: Your natural rate of healing is unusually
                  | fast. [potion of mutation]
 76027 | Depths:2 | Gained mutation: Your magical capacity is low. (-10% MP)
                  | [potion of mutation]
 76027 | Depths:2 | Gained mutation: You are strong-willed. (Will+) [potion of
                  | mutation]
 76119 | Depths:2 | Received a gift from Okawaru
 76364 | Depths:2 | Identified the +2 glaive "Killer Bee's Regret" {vamp, Str+4
                  | Dex+3} (Okawaru gifted it to you on level 2 of the Depths)
 76364 | Depths:2 | Received a gift from Okawaru
 76497 | Depths:2 | Found a runed translucent gate.
 76499 | Depths:2 | Found a runed translucent gate.
 76500 | Depths:2 | Found a runed translucent gate.
 76903 | Depths:2 | Noticed an ancient lich
 76903 | Depths:2 | Noticed Huxu's ghost (adept NaFi)
 76904 | Depths:2 | Found an ancient bone altar of Kikubaaqudgha.
 76904 | Depths:2 | Noticed Caupobu's ghost (adept DDFi)
 76904 | Depths:2 | Noticed a dread lich
 76905 | Depths:2 | Noticed an ancient lich
 77495 | Depths:3 | Identified the +4 ring mail "Zomikh" {Contam Harm rF-
                  | Regen+ SInv} (Okawaru gifted it to you on level 3 of the
                  | Depths)
 77495 | Depths:3 | Received a gift from Okawaru
 78228 | Depths:3 | Noticed a juggernaut
 78240 | Depths:3 | Killed a juggernaut
 78580 | Depths:3 | You fall into a shaft and drop 2 floors!
 78580 | Depths:5 | Entered Level 5 of the Depths
 78607 | Depths:4 | Received a gift from Okawaru
 78628 | Depths:4 | Found a one-way gate to the infinite horrors of the Abyss.
 78658 | Depths:4 | Reached skill level 20 in Fighting
 78894 | Depths:4 | Noticed a juggernaut
 78904 | Depths:4 | Reached XP level 25. HP: 231/231 MP: 24/29
 78910 | Depths:4 | Killed a juggernaut
 78910 | Depths:4 | Received a gift from Okawaru
 78910 | Depths:4 | Received a gift from Okawaru
 78927 | Depths:4 | Received a gift from Okawaru
 79143 | Depths:4 | Identified the +8 shortbow of Wesoeth {vorpal, +Blink rC-
                  | rCorr Int+5}
 79185 | Depths:4 | Received a gift from Okawaru
 79604 | Depths:4 | Received a gift from Okawaru
 80670 | Depths:4 | Noticed an ancient lich
 80682 | Depths:4 | Killed an ancient lich
 81034 | Depths:5 | Found Qezoaj's Assorted Antiques.
 81039 | Depths:5 | Found Ziasung's Assorted Antiques.
 81084 | Depths:5 | Bought a scroll of enchant armour for 375 gold pieces
 81084 | Depths:5 | Bought a scroll of enchant armour for 375 gold pieces
 81186 | Depths:5 | Found a gateway to a ziggurat.
 81212 | Depths:5 | Paralysed by a floating eye for 3 turns
 81288 | Depths:5 | Found a gate to the Realm of Zot.
 81621 | Depths:5 | Paralysed by a floating eye for 2 turns
 81679 | Depths:5 | Found a hide-covered altar of Uskayaw.
 81932 | Depths:5 | Received a gift from Okawaru
 82197 | Depths:5 | Paralysed by a floating eye for 4 turns
 82229 | Depths:5 | Paralysed by a floating eye for 4 turns
 82236 | Depths:5 | Paralysed by a floating eye for 2 turns
 82775 | Slime:1  | Entered Level 1 of the Pits of Slime
 82786 | Slime:2  | Noticed Dissolution
 82792 | Slime:2  | Killed Dissolution
 82792 | Slime:2  | Received a gift from Okawaru
 82792 | Slime:2  | Received a gift from Okawaru
 82793 | Slime:2  | Reached skill level 15 in Invocations
 82918 | Slime:3  | Received a gift from Okawaru
 82919 | Slime:3  | Reached XP level 26. HP: 237/242 MP: 28/29
 82966 | Slime:5  | Entered Level 5 of the Pits of Slime
 83120 | Slime:5  | Gained mutation: Your magical capacity is very low. (-20%
                  | MP) [a shining eye]
 83265 | Slime:5  | Found a viscous altar of Jiyva.
 83390 | Slime:5  | Noticed the Royal Jelly
 83401 | Slime:5  | Killed the Royal Jelly
 83402 | Slime:5  | Reached skill level 21 in Fighting
 83525 | Slime:5  | Identified the +7 morningstar of Death's Door {freeze,
                  | Drain Fly rPois Stlth+}
 83529 | Slime:5  | Got a slimy rune of Zot
 83566 | Slime:5  | Identified the +2 bardiche of Impermanence {freeze, rElec
                  | rF+ rN+ Int-3}
 84230 | Zot:1    | Entered Level 1 of the Realm of Zot
 84571 | Zot:1    | Noticed an orb of fire
 84574 | Zot:1    | Received a gift from Okawaru
 84576 | Zot:1    | Gained mutation: You are dopey. (Int -2) [an orb of fire]
 84585 | Zot:1    | Killed an orb of fire
 85056 | Zot:1    | Received a gift from Okawaru
 86253 | Zot:1    | Lost mutation: Your magical capacity is very low. (-20% MP)
                  | [potion of mutation]
 86253 | Zot:1    | Lost mutation: You are strong-willed. (Will+) [potion of
                  | mutation]
 86253 | Zot:1    | Gained mutation: You evolve. [potion of mutation]
 86253 | Zot:1    | Gained mutation: Your body sometimes deteriorates upon
                  | taking damage. [potion of mutation]
 86254 | Zot:1    | Lost mutation: Your magical capacity is low. (-10% MP)
                  | [potion of mutation]
 86254 | Zot:1    | Lost mutation: You are dopey. (Int -2) [potion of mutation]
 86254 | Zot:1    | Lost mutation: Your body sometimes deteriorates upon taking
                  | damage. [potion of mutation]
 86254 | Zot:1    | Gained mutation: Your body sometimes deteriorates upon
                  | taking damage. [potion of mutation]
 86254 | Zot:1    | Gained mutation: You have large cloven feet. [potion of
                  | mutation]
 86254 | Zot:1    | Gained mutation: You are agile. (Dex +2) [potion of
                  | mutation]
 86255 | Zot:1    | Lost mutation: You have large cloven feet. [potion of
                  | mutation]
 86255 | Zot:1    | Lost mutation: You are agile. (Dex +2) [potion of mutation]
 86255 | Zot:1    | Gained mutation: You have an increased reservoir of magic.
                  | (+10% MP) [potion of mutation]
 86255 | Zot:1    | Lost mutation: Your body sometimes deteriorates upon taking
                  | damage. [potion of mutation]
 86255 | Zot:1    | Gained mutation: Your movements are slightly less
                  | encumbered by armour. (ER -2) [potion of mutation]
 86256 | Zot:1    | Lost mutation: Armour fits poorly on your strangely shaped
                  | body. [potion of mutation]
 86256 | Zot:1    | Lost mutation: You have an increased reservoir of magic.
                  | (+10% MP) [potion of mutation]
 86256 | Zot:1    | Lost mutation: You evolve. [potion of mutation]
 86256 | Zot:1    | Gained mutation: You are weak. (Str -2) [potion of
                  | mutation]
 86256 | Zot:1    | Gained mutation: You are agile. (Dex +2) [potion of
                  | mutation]
 86256 | Zot:1    | Gained mutation: You possess an exceptional clarity of
                  | mind. [potion of mutation]
 86311 | Zot:2    | Noticed an orb of fire
 86313 | Zot:2    | Gained mutation: Your body sometimes deteriorates upon
                  | taking damage. [an orb of fire]
 86316 | Zot:2    | Gained mutation: Potions are less effective at restoring
                  | your health. [an orb of fire]
 86319 | Zot:2    | Gained mutation: Your magical capacity is low. (-10% MP)
                  | [an orb of fire]
 86326 | Zot:2    | Killed an orb of fire
 86327 | Zot:2    | Lost mutation: You are weak. (Str -2) [potion of mutation]
 86327 | Zot:2    | Lost mutation: Your magical capacity is low. (-10% MP)
                  | [potion of mutation]
 86327 | Zot:2    | Lost mutation: Your body sometimes deteriorates upon taking
                  | damage. [potion of mutation]
 86327 | Zot:2    | Gained mutation: You expend magic power (3 MP) to
                  | strengthen your wands. [potion of mutation]
 86328 | Zot:2    | Lost mutation: Potions are less effective at restoring your
                  | health. [potion of mutation]
 86328 | Zot:2    | Lost mutation: You possess an exceptional clarity of mind.
                  | [potion of mutation]
 86328 | Zot:2    | Gained mutation: Your body sometimes deteriorates upon
                  | taking damage. [potion of mutation]
 86328 | Zot:2    | Gained mutation: You have large cloven feet. [potion of
                  | mutation]
 86329 | Zot:2    | Lost mutation: You have large cloven feet. [potion of
                  | mutation]
 86329 | Zot:2    | Lost mutation: You are agile. (Dex +2) [potion of mutation]
 86329 | Zot:2    | Gained mutation: You are clumsy. (Dex -2) [potion of
                  | mutation]
 86330 | Zot:2    | Lost mutation: You expend magic power (3 MP) to strengthen
                  | your wands. [potion of mutation]
 86330 | Zot:2    | Lost mutation: You are clumsy. (Dex -2) [potion of
                  | mutation]
 86330 | Zot:2    | Lost mutation: Your body sometimes deteriorates upon taking
                  | damage. [potion of mutation]
 86330 | Zot:2    | Gained mutation: You are dopey. (Int -2) [potion of
                  | mutation]
 86330 | Zot:2    | Gained mutation: You evolve. [potion of mutation]
 86733 | Zot:2    | Reached XP level 27. HP: 190/251 MP: 33/33
 87789 | Zot:2    | Received a gift from Okawaru
 87965 | Zot:3    | You fall into a shaft and drop 1 floor!
 88174 | Zot:3    | Reached skill level 15 in Stealth
 88298 | Zot:3    | Identified the +1 chain mail "Uxorull" {rPois rN+++ Will+
                  | Int-3} (Okawaru gifted it to you on level 3 of the Realm of
                  | Zot)
 88298 | Zot:3    | Received a gift from Okawaru
 89408 | Zot:3    | Reached skill level 22 in Fighting
 89766 | Zot:3    | Got the Reference Book on Ashen Hexes
 90151 | Zot:4    | Upgraded the game from 0.28-a0-10-g964c8b829e to
                  | 0.28-a0-21-gf74fda84f9
 90216 | Zot:4    | Learned a level 1 spell: Apportation
 90374 | Zot:4    | Reached skill level 1 in Translocations
 90544 | Zot:4    | Reached skill level 1 in Spellcasting
 90553 | Zot:4    | Learned a level 3 spell: Portal Projectile
 90886 | Zot:4    | Reached skill level 1 in Hexes
 91521 | Zot:4    | Received a gift from Okawaru
 91642 | Zot:4    | Received a gift from Okawaru
 91906 | Zot:4    | Received a gift from Okawaru
 93434 | Depths:4 | Found a one-way gate to the infinite horrors of the Abyss.
 93739 | Crypt:1  | Entered Level 1 of the Crypt
 93844 | Crypt:1  | Received a gift from Okawaru
 94140 | Crypt:1  | Learned a level 2 spell: Blink
 94150 | Crypt:1  | Learned a level 9 spell: Polar Vortex
 94282 | Crypt:1  | Found a runed translucent gate.
 94282 | Crypt:1  | Found a runed translucent gate.
 94282 | Crypt:1  | Found a runed translucent gate.
 94335 | Crypt:1  | Reached skill level 1 in Ice Magic
 94455 | Crypt:1  | Noticed dolemite99's ghost (veteran MfGl)
 94468 | Crypt:1  | Reached skill level 5 in Translocations
 94488 | Crypt:1  | Killed dolemite99's ghost
 95881 | Crypt:2  | Noticed Jory
 95891 | Crypt:2  | Killed Jory
 96316 | Crypt:3  | Entered Level 3 of the Crypt
 96335 | Crypt:3  | Noticed Frederick
 96354 | Crypt:3  | Killed Frederick
 96355 | Crypt:3  | Reached skill level 5 in Hexes
 97560 | Crypt:3  | Found an ancient bone altar of Kikubaaqudgha.
 97775 | Crypt:3  | Learned a level 3 spell: Tukima's Dance
 97831 | Crypt:3  | Noticed Xtahua
 97837 | Crypt:3  | Killed Xtahua
 98088 | Crypt:3  | Noticed an ancient lich
 98098 | Crypt:3  | Received a gift from Okawaru
 98099 | Crypt:3  | Killed an ancient lich
 98100 | Crypt:3  | Reached skill level 5 in Ice Magic
 98208 | Crypt:3  | Found a staircase to the Tomb.
 98301 | Crypt:3  | Received a gift from Okawaru
 98762 | Hell     | Entered the Vestibule of Hell
 98762 | Hell     | Noticed Geryon
 98781 | Hell     | Killed Geryon
 98882 | Hell     | Found a gateway to the freezing wastes of Cocytus.
 99628 | Hell     | Received a gift from Okawaru
 99629 | Hell     | Reached skill level 5 in Spellcasting
 99652 | Hell     | Learned a level 3 spell: Lesser Beckoning
100201 | Hell     | Found a gateway to the Iron City of Dis.
100262 | Hell     | Found a gateway to the ashen valley of Gehenna.
100269 | Hell     | Received a gift from Okawaru
100406 | Hell     | Found a gateway to the decaying netherworld of Tartarus.
100547 | Tar:1    | Entered Level 1 of Tartarus
101199 | Tar:1    | Received a gift from Okawaru
101493 | Tar:1    | Received a gift from Okawaru
102150 | Tar:1    | Received a gift from Okawaru
104050 | Coc:1    | Entered Level 1 of Cocytus
104105 | Coc:1    | Received a gift from Okawaru
106036 | Coc:1    | Received a gift from Okawaru
107145 | Dis:1    | Entered Level 1 of the Iron City of Dis
107514 | Dis:1    | Reached skill level 10 in Hexes
108266 | Dis:1    | Reached skill level 10 in Ice Magic
110232 | Hell     | Gained mutation: Your flesh is heat resistant. (rF+)
                  | [evolution]
110412 | Geh:1    | Entered Level 1 of Gehenna
111242 | Hell     | Upgraded the game from 0.28-a0-21-gf74fda84f9 to
                  | 0.28-a0-32-g8dfe7f97f6
112364 | Tomb:1   | Entered Level 1 of the Tomb of the Ancients
112415 | Tomb:1   | Learned a level 5 spell: Manifold Assault
112429 | Tomb:1   | Identified the +6 flail "Qoymmuf" {drain, rPois Will+++
                  | Str-2 Dex+3}
112641 | Tomb:1   | Received a gift from Okawaru
113037 | Tomb:1   | Noticed a royal mummy
113180 | Tomb:1   | Killed a royal mummy
113195 | Tomb:1   | HP: 6/250 [lich/bolt of cold (47)]
114267 | Depths:5 | Bought a scroll of acquirement for 2080 gold pieces
114267 | Depths:5 | Acquired a book of Hexes
114631 | Elf:3    | Received a gift from Okawaru
114637 | Elf:3    | Killed SirDiesAlot's ghost
115277 | Zot:5    | Entered Level 5 of the Realm of Zot
115686 | Zot:5    | Noticed an orb of fire
115688 | Zot:5    | Gained mutation: Your muscles are strong. (Str +2) [an orb
                  | of fire]
115696 | Zot:5    | Killed an orb of fire
115696 | Zot:5    | Received a gift from Okawaru
116235 | Zot:5    | Received a gift from Okawaru
116236 | Zot:5    | Reached skill level 10 in Translocations
116335 | Zot:5    | Noticed an ancient lich
116752 | Zot:5    | Noticed a dread lich
116763 | Zot:5    | Killed a dread lich
116763 | Zot:5    | Received a gift from Okawaru
117041 | Zot:5    | Killed an ancient lich
117235 | Zot:5    | Noticed an ancient lich
117304 | Zot:5    | Noticed an ancient lich
117312 | Zot:5    | Killed an ancient lich
120210 | Zot:5    | Noticed an orb of fire
120211 | Zot:5    | Noticed an orb of fire
120211 | Zot:5    | Noticed an ancient lich
120213 | Zot:5    | Noticed an orb of fire
120223 | Zot:5    | Gained mutation: You are frail. (-10% HP) [an orb of fire]
120226 | Zot:5    | Killed an orb of fire
120227 | Zot:5    | Killed an orb of fire
120230 | Zot:5    | Killed an ancient lich
120232 | Zot:5    | Killed an orb of fire
120232 | Zot:5    | Noticed a dread lich
120235 | Zot:5    | Killed a dread lich
120235 | Zot:5    | Received a gift from Okawaru
120237 | Zot:5    | Killed an ancient lich
120375 | Zot:5    | Noticed an ancient lich
120379 | Zot:5    | Killed an ancient lich
120729 | Zot:5    | Got the Orb of Zot
120832 | Zot:3    | Identified the +2 tower shield of the Monkey {rPois}
120922 | Zot:1    | Noticed Siatosel the pandemonium lord
120933 | Zot:1    | Killed Siatosel the pandemonium lord
121668 | D:15     | Noticed Ukkokhli the pandemonium lord
121752 | D:14     | Received a gift from Okawaru
121861 | D:13     | Noticed Kutuink the pandemonium lord
122243 | D:$      | Escaped with the Orb!

Illustrated notes

Levels and vault maps discovered:
D:1:      minmay_arrival_pointy, layout_basic
D:2:      layout_loops_ring, hellmonk_ecumenical_altar_prayer_group,
          uniq_crazy_yiuf_cottage
D:3:      layout_loops_ring, serial_co_window_serial, co_window_paths_a,
          co_window_paths_a, co_window_cross_1, co_window_paths_b,
          co_window_corner_a, co_window_paths_b, co_window_corner_a,
          co_window_paths_c, co_window_corner_cb, co_window_cross_2,
          co_window_4corner_a, co_window_4corner_b, glass_columns_b,
          glass_columns_b, glass_columns_b
D:4:      layout_rooms, serial_shops, shop
D:5:      layout_basic, gammafunk_ghost_necromancy, hangedman_decor_opposing,
          sigmund_army
D:6:      layout_layer_cave, minmay_temple_entry_overgrown
D:7:      layout_gridville, mainiacjoe_overflow_small_starburst,
          kennysheep_generic_room_7, uniq_menkaure
D:8:      layout_layer_cave, gammafunk_ghost_hydra_chop,
          guppyfry_early_elven_hall, uniq_pikel, uniq_gastronok, uniq_harold
D:9:      layout_cave_pools, minmay_statue_bubble
D:10:     layout_big_octagon, orc_david_3, serial_shops,
          nicolae_shop_overgrown_old_shop, gammafunk_ghost_mausoleum,
          minmay_misc_feat_diagonals
D:11:     layout_stronghold, erik_lair_dragon
D:12:     layout_layer_cave, portal_ice_cave_entry_pillars_2
D:13:     minmay_the_grid_square_5x5_4x4 [minmay_the_grid_square_5x5_misaligned,
          minmay_the_grid_square_5x5_hollow_slash,
          minmay_the_grid_square_5x5_three_walls,
          minmay_the_grid_square_5x5_pentomino_r,
          minmay_the_grid_square_5x5_checkered,
          minmay_the_grid_square_5x5_prize_waves,
          minmay_the_grid_square_5x5_prize_snowflake,
          minmay_the_grid_square_5x5_two,
          minmay_the_grid_square_5x5_inverted_slash,
          minmay_the_grid_square_5x5_prize_itemx,
          minmay_the_grid_square_5x5_prize_gold,
          minmay_the_grid_square_5x5_two_small,
          minmay_the_grid_square_5x5_hourglass,
          minmay_the_grid_square_5x5_three_small,
          minmay_the_grid_square_5x5_lines,
          minmay_the_grid_square_5x5_bracketed], layout_cave_pools,
          david_vaults_1, hangedman_decor_growths
D:14:     layout_stronghold, minmay_variable_closet
D:15:     gammafunk_depths_entry_grave, layout_basic, minivault_16,
          minmay_ruined_shrine, uniq_roxanne, uniq_nessos
Temple:   kilobyte_greek_temple
Lair:1:   kb_forest_paths, layout_cave_pods, uniq_urug
Lair:2:   layout_gridlike, minivault_23, st_stairs_3, kennysheep_snail_temple,
          uniq_fannar
Lair:3:   layout_regular_city, guppyfry_snake_entry_island,
          serial_bayou_crossing
Lair:4:   layout_misc_corridors, skrybe_swamp_entry_bodies, grunt_megastairs_1
Lair:5:   layout_regular_city, st_stairs_13, grunt_megastairs_3,
          serial_bayou_shore_a, minmay_lair_oklob_chamber
Lair:6:   wormcave, layout_cave_pods, slime_dummy, gammafunk_ghost_split,
          serial_bayou_pond_b, nicolae_quartered_pool_little, uniq_kirke
Swamp:1:  layout_falls_marsh, nicolae_swamp_dense_foliage, uniq_frances
Swamp:2:  gammafunk_worm_tunnel, layout_basic_swamp, hangedman_swamp_ruin_wall,
          swamp_pool3
Swamp:3:  layout_falls_marsh, evilmike_swamp_ruin_house_1, uniq_mara
Swamp:4:  swamp, layout_basic_swamp, swamp_pool5
Snake:1:  layout_cave_pods, uniq_aizul
Snake:2:  layout_onion, nicolae_snake_storage_room
Snake:3:  layout_gridlike
Snake:4:  hellmonk_snake_rune_quicksilver_temple, layout_cave_town,
          serial_shops, nicolae_shop_waterfront
Slime:1:  layout_caves
Slime:2:  layout_caves, dissolution_awaits
Slime:3:  layout_caves
Slime:4:  layout_caves, uniq_dissolution
Slime:5
Orc:1:    layout_caves, basic_altar, uniq_erolcha
Orc:2:    st_orc_mages, layout_caves, serial_shops, nicolae_shop_crystal,
          nicolae_shop_trees, shop, nicolae_shop_crystal, uniq_azrael
Elf:1:    nicolae_elf_arrival_aired_out, layout_gridlike, serial_shops,
          bzr_entry_water, orc_legates
Elf:2:    nicolae_elf_blades_crystal_corner, layout_geoelf_diagonals,
          nicolae_elf_free_trip_to_the_abyss, minmay_shoptagon
Elf:3:    grunt_elf_hall_asides, layout_geoelf_castle,
          gammafunk_ghost_wrathful_warriors, serial_shops,
          nicolae_shop_window_shopping
Vaults:1: grunt_vaults_hallway_short, dpeg_vaults_monster_row,
          vaults_room_corners, vaults_room_hallway, v_rooms_2, v_misc_16,
          grunt_vaults_hallway_long, layout_vaults_omnigrid
Vaults:2: advil_vaults_ghost_guards, hangedman_vaults_river_flow,
          vaults_room_stairs_pillars, v_misc_15,
          minmay_crypt_entry_simple_sparse, nicolae_vaults_back_hallway,
          vaults_room_pools, vaults_mumra_hexcomb,
          nicolae_vaults_little_squares_4, v_pattern_3, nicolae_vaults_alarming,
          vaults_room_pool, layout_vaults_omnibox, serial_shops, shop_scrolls,
          uniq_donald
Vaults:3: vaults_dpeg_ring, nicolae_vaults_minivaults,
          nicolae_vaults_yaktaur_gun_rack, nicolae_vaults_inception_corners,
          vaults_room_door_ring, hangedman_vaults_trim, v_misc_26,
          layout_vaults_maze_bifur, serial_shops, shop_fountains
Vaults:4: hangedman_vaults_impose, vaults_room_pools, dpeg_vaults_monster_box,
          nicolae_vaults_theta, ontoclasm_vaults_hangar,
          ontoclasm_vaults_loading_screen, nicolae_vaults_little_squares_6,
          nicolae_vaults_sealed_display, nicolae_vaults_little_ls, v_misc_27,
          layout_vaults_big_room, enter_trove_2, uniq_margery, uniq_mennas,
          uniq_sojobo
Vaults:5: serial_shops
Crypt:1:  layout_chaotic_city, gammafunk_ghost_necromancy,
          grunt_crypt_arrival_webbed
Crypt:2:  layout_catacombs, minmay_misc_feat_cross, uniq_jory
Crypt:3:  grunt_crypt_end_deaths_head, uniq_xtahua, uniq_frederick
Tomb:1
Depths:1: layout_gridlike, infiniplex_enter_wizlab_glasses, pan_entry,
          grunt_hell_entry_dis_grunt, minmay_tree_intersection, hangedman_aviary
Depths:2: minmay_diamond_stairs, layout_long_grid, gammafunk_ghost_crypt,
          hell_entry, serial_sigils, serial_sigils_hangedman_stare,
          serial_sigils_hangedman_quiver, serial_sigils_hangedman_scratch,
          serial_sigils_hangedman_gnaw, serial_sigils_hangedman_confine,
          firewood_loft
Depths:3: hangedman_grunt_twisty_little_passages, layout_gridlike, hell_entry,
          moated_statue, rand_demon_pan_entry_1
Depths:4: hangedman_pleasuredromes, hell_entry, abyss_entry
Depths:5: grunt_crosshair, layout_gridville, enter_ziggurat_d, grunt_metal_band,
          minmay_misc_feat_plants, nicolae_wooded_promenade,
          nicolae_uskayaw_en_pointe
Hell
Dis:1:    layout_jigsaw
Geh:1:    layout_gehenna_pools_triple
Coc:1:    layout_ice_bergs
Tar:1:    layout_grid_maze, grunt_megastairs_4
Zot:1:    evilmike_crystal_ball_defense, layout_misc_corridors
Zot:2:    kennysheep_room_grid, layout_cathedral_of_symmetry
Zot:3:    layout_basic, st_single_dragon_hoard_1, hangedman_elemental_corridor
Zot:4:    lemuel_acid_trip, layout_cathedral_of_symmetry
Zot:5:    layout_basic, st_stairs_5, grunt_ministairs_4

Skill      XL: |  1  2  3  4  5  6  7  8  9 10 11 12 13 14 15 16 17 18 19 20 21 22 23 24 25 26 27 |
---------------+----------------------------------------------------------------------------------+-----
Axes           | 4 5 6 7 9 11 12 13 14 15 16 17 | 17.7
Fighting       | 4 5 6 7 8 9 10 11 12 13 14 15 16 17 18 19 20 21 22 | 22.0
Dodging        | 4 5 6 7 8 9 10 11 12 13 14 15 16 17 18 19 20 | 20.1
Evocations     | 1 2 3 4 5 6 7 8 9 10 11 12 13 14 15 16 17 18 | 18.1
Slings         | 2 3 5 6 7 8 10 11 12 13 15 16 17 18 19 20 | 20.0
Invocations    | 2 3 5 6 7 8 9 10 11 12 13 14 15 20 | 20.2
Shields        | 3 5 7 8 |  8.8
Armour         | 1 4 6 8 10 11 12 13 14 15 16 17 18 19 20 | 20.8
Throwing       | 1 4 5 7 8 9 10 11 | 11.4
Stealth        | 4 5 6 7 9 10 11 12 13 14 18 | 18.6
Polearms       | 4 6 8 |  8.0
Translocations | 11 | 11.1
Spellcasting   | 9 |  9.8
Hexes          | 11 | 11.9
Ice Magic      | 13 | 13.7

Action                   |  1- 3 |  4- 6 |  7- 9 | 10-12 | 13-15 | 16-18 | 19-21 | 22-24 | 25-27 || total
-------------------------+-------+-------+-------+-------+-------+-------+-------+-------+-------++-------
Melee: Hand axe          |    84 |    48 |     4 |    75 |       |       |       |       |    65 ||   276
       Headbutt          |     9 |    16 |    22 |   105 |   282 |   294 |   281 |   202 |   732 ||  1943
       Morningstar       |       |    51 |    90 |     8 |       |       |       |       |       ||   149
       Falchion          |       |     4 |    28 |    15 |       |       |       |       |       ||    47
       Punch             |       |       |     2 |       |       |       |       |       |       ||     2
       War axe           |       |       |       |   249 |   779 |   584 |       |       |       ||  1612
       Unarmed           |       |       |       |       |     7 |       |       |       |       ||     7
       Broad axe         |       |       |       |       |       |   204 |   724 |   517 |  1798 ||  3243
       Demon trident     |       |       |       |       |       |    89 |     5 |       |       ||    94
       Trishula          |       |       |       |       |       |       |       |    14 |    11 ||    25
 Fire: Hunting sling     |    17 |    82 |    84 |   152 |       |       |       |       |       ||   335
       Fustibalus        |       |       |       |    68 |       |   209 |   271 |   703 |  1430 ||  2681
Throw: Stone             |    60 |       |       |     5 |       |       |       |       |       ||    65
       Dart              |       |       |       |     3 |    23 |       |       |       |       ||    26
       Boomerang         |       |       |       |     4 |   126 |   227 |   115 |   178 |   522 ||  1172
       Javelin           |       |       |       |       |       |     6 |       |       |       ||     6
 Cast: Apportation       |       |       |       |       |       |       |       |       |     2 ||     2
       Manifold Assault  |       |       |       |       |       |       |       |       |     1 ||     1
Invok: Heroism           |       |       |    16 |    36 |    38 |    64 |    36 |    57 |   151 ||   398
       Finesse           |       |       |       |     3 |     8 |     7 |     3 |     5 |    17 ||    43
 Abil: Evoke Invisibilit |       |     1 |       |       |     1 |     1 |       |       |     3 ||     6
Evoke: Wand              |       |       |    10 |    11 |    28 |    61 |    17 |    10 |    38 ||   175
       Condenser vane    |       |       |       |     1 |     1 |     4 |     6 |     3 |     8 ||    23
       Box of beasts     |       |       |       |       |       |     1 |     1 |       |     1 ||     3
       Tin of tremorston |       |       |       |       |       |       |       |       |    12 ||    12
       Horn of Geryon    |       |       |       |       |       |       |       |       |     2 ||     2
  Use: Scroll            |       |     9 |     2 |    14 |    12 |    13 |    10 |     9 |    22 ||    91
       Potion            |       |       |       |     1 |     3 |    18 |    28 |     2 |    35 ||    87
 Stab: Sleeping          |     2 |       |       |       |       |       |       |       |     1 ||     3
       Invisible         |       |       |       |       |    18 |     3 |    10 |     2 |    14 ||    47
       Distracted        |       |       |       |       |     1 |       |     1 |       |     3 ||     5
       Paralysed         |       |       |       |       |     2 |    11 |     8 |       |     6 ||    27
Armor: Robe              |     7 |       |       |       |       |       |       |       |       ||     7
       Scale mail        |    13 |    46 |       |       |       |       |       |       |       ||    59
       Ring mail         |       |     3 |    72 |    62 |       |       |       |       |       ||   137
       Crystal plate arm |       |       |       |   133 |   400 |   215 |   335 |   156 |   621 ||  1860
       Chain mail        |       |       |       |     6 |       |    37 |       |       |       ||    43
Dodge: Dodged            |    50 |    73 |   136 |   178 |   300 |   483 |   494 |   325 |  1141 ||  3180
       Repelled          |       |       |       |       |     4 |    36 |    11 |    18 |    50 ||   119
Block: Buckler           |       |       |    20 |    81 |   332 |   491 |   435 |   208 |   730 ||  2297
       Reflection        |       |       |       |       |     9 |    48 |    56 |    35 |    20 ||   168
       Rpst.: Falchion   |       |       |     4 |     4 |       |       |       |       |       ||     8

Table legend: (Time is in decaauts)
 A = Elapsed time spent in this place.
 B = Non-inter-level travel time spent in this place.
 C = Inter-level travel time spent in this place.
 D = Time resting spent in this place.
 E = Time spent auto-exploring this place.
 F = Levels seen in this place.
 G = Mean time per level.
                   A        B        C        D        E       F      G
               +--------+--------+--------+--------+--------+-----+--------+
         Total | 119636 | 112127 |   7509 |  49198 |  37399 |  68 | 1759.4 |
       Dungeon |  23634 |  21480 |   2154 |   6691 |  10699 |  15 | 1575.6 |
        Temple |    146 |    109 |     37 |      0 |     96 |   1 |  146.0 |
          Lair |  10889 |  10190 |    699 |   3713 |   4730 |   6 | 1814.8 |
         Swamp |   9150 |   9009 |    141 |   5859 |   1735 |   4 | 2287.5 |
     Snake Pit |   6276 |   6112 |    164 |   2608 |   2200 |   4 | 1569.0 |
    Slime Pits |    996 |    996 |      0 |    257 |    238 |   5 |  199.2 |
  Orcish Mines |   1984 |   1832 |    152 |    275 |   1067 |   2 |  992.0 |
   Elven Halls |   8983 |   8516 |    467 |   5127 |   1316 |   3 | 2994.3 |
        Vaults |  13292 |  12484 |    808 |   5738 |   3994 |   5 | 2658.4 |
         Crypt |   5146 |   4732 |    414 |   1573 |    852 |   3 | 1715.3 |
          Tomb |   1273 |   1273 |      0 |    717 |      0 |   1 | 1273.0 |
        Depths |   8693 |   7582 |   1111 |   2021 |   3624 |   5 | 1738.6 |
          Hell |   4739 |   4505 |    234 |   3513 |    463 |   1 | 4739.0 |
           Dis |   2075 |   2016 |     59 |    549 |    832 |   1 | 2075.0 |
       Gehenna |   1192 |   1176 |     16 |    295 |    617 |   1 | 1192.0 |
       Cocytus |   2497 |   2306 |    191 |    131 |   1628 |   1 | 2497.0 |
      Tartarus |   2190 |   2024 |    166 |    684 |    810 |   1 | 2190.0 |
           Zot |  14769 |  14078 |    691 |   8779 |   2306 |   5 | 2953.8 |
        Bazaar |    199 |    199 |      0 |    166 |      0 |   1 |  199.0 |
         Trove |     36 |     36 |      0 |      0 |      0 |   1 |   36.0 |
      Ice Cave |    657 |    657 |      0 |    308 |      2 |   1 |  657.0 |
        Wizlab |    812 |    812 |      0 |    186 |    188 |   1 |  812.0 |
               +--------+--------+--------+--------+--------+-----+--------+

Top non-repeatable levels by time:
   Zot:5: 5399 daAuts
    Hell: 4739 daAuts
   Elf:3: 4586 daAuts
 Swamp:4: 4330 daAuts
Vaults:5: 3501 daAuts
   Zot:4: 3391 daAuts
   Elf:1: 2973 daAuts
 Snake:4: 2820 daAuts
Vaults:2: 2665 daAuts
Vaults:4: 2643 daAuts
     D:8: 2583 daAuts
   Coc:1: 2497 daAuts
 Swamp:3: 2492 daAuts
Vaults:1: 2333 daAuts
 Crypt:3: 2285 daAuts
